 Dungeon Crawl Stone Soup version 0.32-a0-899-geb5ba95c15 (webtiles) character file.

Game seed: 8578933619582987403

4248 Ajdolov the Basher (level 10, -6/73 (81) HPs)
             Began as an Armataur Monk on Apr 5, 2024.
             Was a High Priest of Okawaru.
             Mangled by a wyvern (10 damage)
             ... on level 6 of the Dungeon.
             The game lasted 00:15:34 (7760 turns).

Ajdolov the Basher (Armataur Monk)                  Turns: 7760, Time: 00:15:35

HP:   -6/73 (81)    AC:  8    Str: 20    XL:     10   Next: 9%
MP:   0/15          EV:  8    Int: 17    God:    Okawaru [*****.]
Gold: 454           SH:  0    Dex: 13    Spells: 9/9 levels left

rFire   . . .        E - +4 flail
rCold   . . .        d - orb {light}
rNeg    . . .        p - +0 ring mail
rPois   .            s - +2 helmet {SInv}
rElec   .            (no cloak)
rCorr   .            (no gloves)
SInv    +            (no barding)
Will    .....        m - amulet of guardian spirit
Stlth   +            z - +6 ring of intelligence
HPRegen 0.32/turn    (no ring)
MPRegen 0.14/turn

%: guardian spirit, roll
@: glowing, drained
A: large, deformed body, tough skin 3, armoured tail, rollpage 2
a: Renounce Religion, Heroism, Finesse, Duel


You were on level 6 of the Dungeon.
You worshipped Okawaru.
Okawaru was extremely pleased with you.
You visited 1 branch of the dungeon, and saw 7 of its levels.

You collected 454 gold pieces.

Inventory:

Hand Weapons
 b - the +7 sling "Pocsa" {freeze, Int+3 SInv}
   (You found it on level 3 of the Dungeon)

   Int+3:     It affects your intelligence (+3).
   SInv:      It lets you see invisible.
 E - a +4 flail (weapon)
Missiles
 a - 11 boomerangs (quivered)
 D - a throwing net
Armour
 d - an orb of light (worn)
 p - a +0 ring mail (worn)
 s - a +2 helmet of see invisible (worn)
Jewellery
 m - an amulet of guardian spirit (around neck)
 z - a +6 ring of intelligence (left hand)
Wands
 v - a wand of light (5)
 w - a wand of warping (7)
 x - a wand of flame (19)
 C - a wand of polymorph (14)
Scrolls
 g - 3 scrolls of fog
 h - a scroll of vulnerability
 i - 3 scrolls of identify
 j - a scroll of blinking {unknown}
 k - 3 scrolls of poison
 n - a scroll of enchant weapon {unknown}
 q - 2 scrolls of teleportation
 r - 3 scrolls of enchant armour {unknown}
 t - a scroll of noise {unknown}
 u - 2 scrolls of immolation {unknown}
 y - a scroll of silence {unknown}
 A - a scroll of revelation {unknown}
 F - a scroll of torment {unknown}
Potions
 c - a potion of haste {unknown}
 e - 2 potions of cancellation {unknown}
 f - a potion of invisibility {unknown}
 l - 3 potions of might {unknown}
 o - a potion of curing
 B - a potion of magic {unknown}


   Skills:
 - Level 5.0 Fighting
 - Level 10.0 Maces & Flails
 - Level 2.1 Dodging
 + Level 7.6 Invocations
 - Level 5.0 Evocations


You had 9 spell levels left.
You didn't know any spells.
Your spell library contained the following spells:

 Spells                   Type           Power      Damage    Failure   Level
 Necrotise                Necr           0%         1d4       38%         1
 Sandblast                Erth           0%         2d4       38%         1
 Hailstorm                Conj/Ice       0%         3d5       77%         3
 Stone Arrow              Conj/Erth      0%         3d7       77%         3
 Vampiric Draining        Necr           0%         2d6       77%         3
 Brom's Barrelling Bould  Conj/Erth      0%         2d3       99%         4
 Curse of Agony           Necr           0%         N/A       100%        5
 Permafrost Eruption      Ice/Erth       0%         2x4d1     100%        6
 Lehudib's Crystal Spear  Conj/Erth      0%         10d2      100%        8
 Summon Ice Beast         Ice/Summ       Unusable   N/A       N/A         3
 Animate Armour           Summ/Erth      Unusable   N/A       N/A         4
 Martyr's Knell           Necr/Summ      Unusable   N/A       N/A         4
 Sculpt Simulacrum        Ice/Alch       Unusable   N/A       N/A         6

Dungeon Overview and Level Annotations

Branches:
Dungeon (7/15)             Temple (0/1) D:4

Altars:
Dithmenos
Gozag
Makhleb
Okawaru
Ru
Uskayaw

Annotations:
D:3 1 exclusion
D:5 3 runed translucent doors, teonee's ghost, amateur DENe
D:6 2 transporters


Innate Abilities, Weirdness & Mutations

Armour fits poorly on your strangely shaped body.
You have extremely tough skin. (AC +3)
You have a long armoured tail.
You regenerate magic and health when rolling toward enemies. (Rampage Regen)


Message History

You are too injured to fight recklessly!
You thump the wyvern!
The wyvern is moderately wounded.
The wight hits you with a +4 scimitar.
You feel drained. The wyvern bites you!
You hit the wight.
The wight is moderately damaged.
The wyvern closely misses you. The wight hits you with a +4 scimitar!
* * * LOW HITPOINT WARNING * * *
You feel drained.
* * * LOW HITPOINT WARNING * * *
Unknown command.
You feel better. The wyvern bites you. The wight hits you with a +4 scimitar!
* * * LOW HITPOINT WARNING * * *
The wyvern bites you.
* * * LOW HITPOINT WARNING * * *
Unknown command.
Okay, then.
You feel better. The wyvern bites you.
* * * LOW HITPOINT WARNING * * *
The wight completely misses you. The wyvern attacks as it pursues you!
The wyvern closely misses you. x2
What are your orders? t - Shout!
Orders for allies: a - Attack new target. r - Retreat! s - Stop attacking. g - Guard the area. f - Follow me.
Anything else - Cancel.
Okay, then.
You hit the wyvern.
You tail-slap the wyvern, but do no damage.
The wyvern is heavily wounded.
The wyvern bites you!
* * * LOW HITPOINT WARNING * * *
Unknown command.
You hit the wyvern but do no damage.
You tail-slap the wyvern, but do no damage.
The wyvern is heavily wounded.
The wyvern bites you but does no damage.
The wyvern bites you!
You die...

##########........# #.......##
##.....##......##.## #..##...##
#............####..###..##)....
##.....................###.##.#
##...###.##.....##.....#).....
#....##.......######...).##...
#.....#..#....#>##.####[####..
#........##...kz......#.## ##.
####...#....)@#..........# #.
#####....).###.....).######
#...#....###............
##..#...## #....~~~~~~~~
##....)[.###....~≈≈≈~≈≈≈
#......[..##....~≈#####~
#.........##....~~#...#.
#...##....[#.^..~≈#...##
###.##....<#....~≈###'#)


You could see a wyvern and a wight.

Vanquished Creatures
  A kobold demonologist (D:6)
  Duvessa (D:6)
  A black bear (D:5)
  An ice beast (D:6)
  A sky beast (D:6)
  5 ogres
  4 orc warriors (D:6)
  3 wolves (D:6)
  2 phantoms
  A gnoll sergeant (D:6)
  2 scorpions
  Dowan (D:6)
  10 wights
  3 killer bees (D:6)
  6 howler monkeys (D:6)
  2 bombardier beetles
  5 jellies
  4 gnoll boudas (D:6)
  7 orc priests
  5 hounds (D:6)
  2 iguanas
  11 orc wizards
  8 adders
  13 gnolls
  A white imp (D:5)
  An ufetubus (D:6)
  4 ribbon worms
  27 orcs
  8 ball pythons
  6 endoplasms
  3 giant cockroaches
  4 goblins
  10 hobgoblins
  3 quokkas
  8 bats
  3 frilled lizards
  6 kobolds
  9 rats
192 creatures vanquished.

Notes
Turn   | Place    | Note
-------+----------+-------------------------------------------
     0 | D:1      | Ajdolov the Armataur Monk began the quest for the Orb.
     0 | D:1      | Reached XP level 1. HP: 18/18 MP: 1/1
    62 | D:1      | Reached skill level 3 in Maces & Flails
    64 | D:1      | Reached XP level 2. HP: 21/26 MP: 2/2
   275 | D:1      | Reached XP level 3. HP: 16/31 MP: 3/3
   714 | D:2      | Found a faded altar of an unknown god.
  1054 | D:2      | Reached XP level 4. HP: 31/40 MP: 4/4
  1376 | D:3      | Found a burning altar of Makhleb.
  1589 | D:3      | Found a hide-covered altar of Uskayaw.
  1628 | D:3      | Found a shadowy altar of Dithmenos.
  1803 | D:3      | Reached skill level 4 in Maces & Flails
  1891 | D:3      | Reached XP level 5. HP: 46/46 MP: 5/5
  1958 | D:3      | Noticed a phantom
  1971 | D:3      | Killed a phantom
  1986 | D:3      | Identified the +7 sling "Pocsa" {freeze, Int+3 SInv}
  2248 | D:3      | Found a sacrificial altar of Ru.
  2272 | D:3      | Found an iron altar of Okawaru.
  2276 | D:3      | Became a worshipper of Warmaster Okawaru
  2276 | D:3      | Reached * piety under Okawaru
  2276 | D:3      | Reached ** piety under Okawaru
  2430 | D:4      | Reached XP level 6. HP: 53/53 MP: 6/6
  2641 | D:4      | Found a staircase to the Ecumenical Temple.
  2739 | D:4      | HP: 2/46 [wight/+0 long sword (7)]
  2911 | D:4      | Reached skill level 5 in Fighting
  2911 | D:4      | Reached skill level 5 in Maces & Flails
  3552 | D:5      | Entered Level 5 of the Dungeon
  3809 | D:5      | Reached skill level 1 in Evocations
  3809 | D:5      | Gained mutation: You regenerate magic and health when
                  | rolling toward enemies. (Rampage Regen) [Armataur growth]
  3809 | D:5      | Reached XP level 7. HP: 48/60 MP: 7/7
  4341 | D:5      | Found a runed translucent gate.
  4341 | D:5      | Found a runed translucent gate.
  4341 | D:5      | Found a runed translucent gate.
  4346 | D:5      | Noticed teonee's ghost (amateur DENe)
  4864 | D:5      | Reached skill level 6 in Maces & Flails
  4955 | D:6      | Reached *** piety under Okawaru
  5133 | D:5      | Reached XP level 8. HP: 64/68 MP: 8/8
  5227 | D:6      | Reached skill level 7 in Maces & Flails
  5245 | D:5      | Reached skill level 5 in Evocations
  5287 | D:6      | Noticed Dowan
  5287 | D:6      | Noticed Duvessa
  5435 | D:6      | Reached skill level 1 in Invocations
  5466 | D:6      | Reached skill level 8 in Maces & Flails
  5711 | D:6      | Reached **** piety under Okawaru
  5767 | D:6      | Reached XP level 9. HP: 74/74 MP: 11/11
  5865 | D:6      | Noticed a kobold demonologist
  6178 | D:6      | Reached skill level 5 in Invocations
  6262 | D:6      | Reached skill level 9 in Maces & Flails
  6357 | D:6      | Killed a kobold demonologist
  6688 | D:6      | Noticed a boulder beetle
  6689 | D:6      | Found a transporter.
  6698 | D:6      | Found a transporter.
  6707 | D:6      | Found an opulent altar of Gozag.
  6732 | D:6      | Killed Duvessa
  6736 | D:6      | Killed Dowan
  6736 | D:6      | Reached ***** piety under Okawaru
  7154 | D:6      | Reached skill level 10 in Maces & Flails
  7154 | D:6      | Reached XP level 10. HP: 71/81 MP: 15/15
  7760 | D:6      | Mangled by a wyvern

Illustrated notes

Levels and vault maps discovered:
D:1:      saegor_arrival_simple_a, layout_rooms, grunt_decor_one_mirror
D:2:      layout_basic, basic_ecumenical_altar
D:3:      layout_basic, nicolae_overflow_quartered_altars, demons_altar
D:4:      layout_basic, temple_statues
D:5:      layout_basic, ebering_ghost_rock_garden, serial_park_tiny_pond,
          nicolae_the_louvre
D:6:      lemuel_castle_with_subvaults [lemuel_castle_interior_original],
          layout_cave_pools, gammafunk_temple_overflow_arena, uniq_duvessa
D:7:      layout_rooms, minmay_unpleasant_kobolds

Skill      XL: |  1  2  3  4  5  6  7  8  9 |
---------------+----------------------------+-----
Fighting       | 3 4 5 |  5.0
Maces & Flails | 3 4 5 6 8 10 | 10.0
Evocations     | 1 4 5 |  5.0
Invocations    | 3 7 |  7.6
Dodging        | |  2.1

Action                     |  1- 3 |  4- 6 |  7- 9 | 10-12 || total
---------------------------+-------+-------+-------+-------++-------
  Melee: Mace              |   105 |    80 |       |       ||   185
         Tailslap          |    17 |    13 |    65 |     5 ||   100
         Flail             |       |    23 |   376 |    14 ||   413
         Unarmed           |       |       |     2 |       ||     2
   Fire: Sling             |       |     3 |       |       ||     3
  Evoke: Wand              |       |       |     2 |     3 ||     5
    Use: Potion            |       |     1 |     2 |     3 ||     6
         Scroll            |       |       |     1 |     4 ||     5
 Armour: Robe              |    72 |     2 |       |       ||    74
         Ring mail         |       |    76 |   349 |    62 ||   487
         Skin              |       |       |     2 |       ||     2
  Dodge: Dodged            |    55 |    48 |   167 |    33 ||   303

Table legend: (Time is in decaauts)
 A = Elapsed time spent in this place.
 B = Non-inter-level travel time spent in this place.
 C = Inter-level travel time spent in this place.
 D = Time resting spent in this place.
 E = Time spent auto-exploring this place.
 F = Levels seen in this place.
 G = Mean time per level.
                   A        B        C        D        E       F      G
               +--------+--------+--------+--------+--------+-----+--------+
         Total |   7813 |   7503 |    310 |    824 |   4676 |   7 | 1116.1 |
       Dungeon |   7813 |   7503 |    310 |    824 |   4676 |   7 | 1116.1 |
               +--------+--------+--------+--------+--------+-----+--------+

Top non-repeatable levels by time:
     D:6: 2418 daAuts
     D:5: 1660 daAuts
     D:4: 1293 daAuts
     D:3: 1021 daAuts
     D:2: 742 daAuts
     D:1: 623 daAuts
     D:7: 53 daAuts
